AoeStats
← Goose2210

Arena

509411278Analyzed
1v1 RM · 6d ago on Sep 26, 2026· 20m 6s· 2 players
Game mode
Random Map
Map size
Tiny (2 player)
Population
200
Speed
Normal
Resources
Standard
Victory
Conquest
Starting age
Dark Age
Ending age
Imperial Age
RankedLock teamsTeams togetherTeam positionsShared explorationLock speedFull tech treeHidden civsTurbo modeCheats
Victory
Defeat
🇵🇪 Teutons · Peru
1261
+14
🇨🇴 Burgundians · Colombia
1227
-14
Goose2210
5:03 Double-Bit Axe
11:02 Feudal Age
14:23 Fletching
18:50 Bow Saw
20:15 Loom
_Avicii_32
6:32 Loom
8:46 Feudal Age
12:44 Fletching
14:21 Double-Bit Axe
20:00 Horse Collar
Connection lost

Rejoining the realm…

Still unreachable

The connection could not be restored.

Session expired

The server has moved on; the page needs a fresh start.